 Dungeon Crawl Stone Soup version 0.29.1-2-gbd0b4ee654 (webtiles) character file.

Game seed: 11770698557995989242

4 Henri the Sneak (level 1, -2/9 HPs)
             Began as a Vine Stalker Enchanter on Nov 12, 2022.
             Slain by a kobold
             ... wielding a +0 club
              (3 damage)
             ... on level 1 of the Dungeon.
             The game lasted 00:00:55 (343 turns).

Henri the Sneak (Vine Stalker Enchanter)             Turns: 343, Time: 00:00:55

Health: -2/9       AC:  2    Str: 10    XL:     1   Next: 70%
Magic:  0/4        EV: 12    Int: 15    God:
Gold:   12         SH:  0    Dex: 14    Spells: 4/4 levels left

rFire   . . .      SeeInvis .   a - +1 dagger
rCold   . . .      Faith    .   (no shield)
rNeg    . . .      Spirit   +   b - +0 robe
rPois   .          Reflect  .   (no helmet)
rElec   .          Harm     .   (no cloak)
rCorr   .          Rampage  .   (no gloves)
Will    .....                   (no boots)
Stlth   ++........              (no amulet)
HPRegen 0.03/turn               (no ring)
MPRegen 0.09/turn               (no ring)

@: no status effects
A: fangs 2, magic shield, antimagic bite, no potion heal 2
a: no special abilities


You were on level 1 of the Dungeon.
You visited 1 branch of the dungeon, and saw 1 of its levels.

You collected 12 gold pieces.

Inventory:

Hand Weapons
 a - a +1 dagger (weapon)
Armour
 b - a +0 robe (worn)
Scrolls
 e - a scroll of identify {unknown}
 h - a scroll of fear {unknown}
Potions
 c - 2 potions of invisibility
 d - a potion of curing {unknown}
 f - a potion of flight {unknown}
 g - a potion of heal wounds {unknown}


   Skills:
 + Level 0.2 Fighting
 + Level 1.0 Short Blades
 - Level 1.5 Dodging
 * Level 3.8 Stealth
 - Level 2.1 Spellcasting
 + Level 3.0 Hexes


You had 4 spell levels left.
You didn't know any spells.
Your spell library contained the following spells:

 Spells                   Type           Power      Damage    Failure   Level
 Ensorcelled Hibernation  Hex/Ice        12%        N/A       19%         2
 Confusing Touch          Hex            10%        N/A       19%         3
 Tukima's Dance           Hex            10%        N/A       19%         3
 Dazzling Flash           Conj/Hex       12%        N/A       34%         3


Dungeon Overview and Level Annotations

Branches:
Dungeon (1/15)

Altars:


Innate Abilities, Weirdness & Mutations

You have extremely sharp teeth.
When hurt, damage is shared between your health and your magic reserves.
Your bite disrupts and absorbs the magic of your enemies.
Potions cannot restore your health.


Message History

The bat misses you. The bat closely misses you.
You hit the bat but do no damage. Your bite misses the bat.
The bat is heavily wounded.
The bat hits you.
You barely miss the bat.
The bat is moderately wounded.
The bat closely misses you. The bat hits you.
You hit the bat. Your bite misses the bat.
The bat is severely wounded.
The bat misses you.
You hit the bat.
You kill the bat!
Your Short Blades skill increases to level 1!
You start resting.
HP restored.
h - a scroll labelled RUAH RIDDAKIO
Found a chain mail.
Found a stone staircase leading down.
A goblin comes into view. It is wielding a +0 club.
The goblin shouts!
A hobgoblin comes into view.
A kobold comes into view. It is wielding a +0 club.
The hobgoblin shouts!
The kobold shouts!
You hit the goblin.
You kill the goblin!
You hit the hobgoblin.
The hobgoblin is heavily wounded.
The hobgoblin hits you.
You hit the hobgoblin but do no damage. Your bite misses the hobgoblin.
The hobgoblin is heavily wounded.
The kobold misses you. The hobgoblin hits you.
You hit the hobgoblin.
The hobgoblin is severely wounded.
The kobold hits you with a +0 club.
* * * LOW HITPOINT WARNING * * *
The hobgoblin misses you.
You hit the hobgoblin but do no damage. Your bite misses the hobgoblin.
The hobgoblin is severely wounded.
The kobold hits you with a +0 club.
You die...

#..#....†.#....~..~~~.~~.
######.##......##....~~.≈.~~..
#.†........#..##......~~~.~...
#......................~......
#...)......##..............~~~
#.........####################
#........^####..............##
#.............K..........>....
#............@g.............##
#................######..[....
#................# #.).....
###########......# ###.....
#......# ..... #......# ..##
#......# ..+ ######## .# .+


You could see a hobgoblin and a kobold.

Vanquished Creatures
  A bat (D:1)
  An endoplasm (D:1)
  A goblin (D:1)
  A frilled lizard (D:1)
4 creatures vanquished.

Notes
Turn   | Place    | Note
-------+----------+-------------------------------------------
     0 | D:1      | Henri the Vine Stalker Enchanter began the quest for the
                  | Orb.
     0 | D:1      | Reached XP level 1. HP: 9/9 MP: 4/4
   169 | D:1      | Reached skill level 1 in Short Blades
   343 | D:1      | Slain by a kobold

Illustrated notes

Levels and vault maps discovered:
D:1:      dpeg_arrival_more_subterranean_lakeside_camping, layout_rooms,
          shapermc_ecumenical_altar_pompeii, minmay_rat_gold_closets

Skill      XL: |  1 |
---------------+----+-----
Short Blades   | 1 |  1.0
Fighting       | |  0.2
Dodging        | |  1.5
Stealth        | |  3.8
Spellcasting   | |  2.1
Hexes          | |  3.0

Action                   || total
-------------------------++-------
Melee: Dagger            ||    20
       Bite              ||     2
Armor: Robe              ||     6
Dodge: Dodged            ||    11
